 Dungeon Crawl Stone Soup version 0.23.2-40-g277498a (webtiles) character file.

Game seed: 15774884276523216489

15148 Aisha the Fighter (level 12, 0/87 HPs)
             Began as an Octopode Fire Elementalist on Sept 27, 2019.
             Was an Elder of Sif Muna.
             Slain by a seven-headed hydra (5 damage)
             ... on level 2 of the Lair of Beasts.
             The game lasted 00:50:37 (15475 turns).

Aisha the Fighter (Octopode Fire Elementalist)     Turns: 15475, Time: 00:50:38

Health: 0/87       AC:  1    Str: 10    XL:     12   Next: 24%
Magic:  10/19      EV: 16    Int: 22    God:    Sif Muna [****..]
Gold:   2200       SH: 10    Dex: 12    Spells: 6/21 levels left

rFire    . . .     SeeInvis .   a - +0 whip (venom)
rCold    . . .     Gourm    .   j - +0 shield
rNeg     . . .     Faith    .   (helmet restricted)
rPois    .         Spirit   .   g - amulet of regeneration
rElec    .         Reflect  .   S - +2 ring of strength
rCorr    .         Harm     .   (no ring)
MR       .....                  (no ring)
Stlth    +++.......             (no ring)
HPRegen  0.64/turn              (no ring)
MPRegen  0.16/turn              (no ring)
                                (no ring)
                                (no ring)

@: no status effects
A: almost no armour, stealthy swim, amphibious, 8 rings, constrict 8, camouflage
1, gelatinous body 1
a: Divine Energy, Channel Magic, Forget Spell, Renounce Religion


You were on level 2 of the Lair of Beasts.
You worshipped Sif Muna.
Sif Muna was greatly pleased with you.
You were hungry.

You visited 4 branches of the dungeon, and saw 15 of its levels.
You also visited: Sewer.

You collected 2200 gold pieces.


Innate Abilities, Weirdness & Mutations

You cannot wear most types of armour.
You are very stealthy in the water. (Stealth+)
You are amphibious.
You can wear up to eight rings at the same time.
You can use your tentacles to constrict eight enemies at once.
Your skin changes colour to match your surroundings (Stealth+).
Your rubbery body absorbs attacks. (AC +1, EV +1)


   Skills:
 * Level 10.2 Fighting
 + Level 9.0 Dodging
 - Level 2.6 Stealth
 * Level 8.9 Shields
 - Level 5.0 Spellcasting
 - Level 8.0 Conjurations
 - Level 8.6 Fire Magic


You had 6 spell levels left.
You knew the following spells:

 Your Spells              Type           Power        Failure   Level  Hunger
b - Fireball              Conj/Fire      #####.....   19%         5    #####..
c - Conjure Flame         Conj/Fire      #####...     1%          3    ##.....
f - Throw Flame           Conj/Fire      #####.       1%          2    None
y - Sticky Flame          Conj/Fire      #####...     7%          4    ####...
z - Flame Tongue          Conj/Fire      #####        1%          1    None

Your spell library contained the following spells:

 Spells                   Type           Power        Failure   Level  Hunger
 Inner Flame              Hex/Fire       ###.....     11%         3    ##.....
 Summon Small Mammal      Summ           #...         22%         1    None
 Call Imp                 Summ           #.......     32%         2    None
 Call Canine Familiar     Summ           #.......     54%         3    ##.....
 Summon Guardian Golem    Hex/Summ       #.......     54%         3    ##.....
 Summon Ice Beast         Ice/Summ       #.......     91%         4    ####...
 Summon Lightning Spire   Summ/Air       #.......     91%         4    ####...

Inventory:

Hand Weapons
 a - a +0 whip of venom (weapon)
 b - the +1 war axe "Oruon" {protect, *Slow +Rage rF+ Str+4}
   (You found it in a sewer)

   It protects the one who uses it against injury (+AC on strike).
   It affects your strength (+4).
   It protects you from fire.
   It lets you go berserk.
   It may slow you when you take damage.
 v - a +0 fustibalus
 C - a +0 halberd
Missiles
 w - 6 throwing nets {=f}
Armour
 j - a +0 shield (worn)
 x - a +0 large shield of protection
Jewellery
 g - an amulet of regeneration (around mantle)
 G - an uncursed ring of ice {unknown}
 S - a +2 ring of strength (left tentacle)
Wands
 D - a wand of iceblast (14)
Scrolls
 d - a scroll of enchant weapon {unknown}
 f - a scroll of fear
 h - 3 scrolls of teleportation {@r4}
 k - 2 scrolls of fog
 l - 2 scrolls of amnesia {unknown}
 n - a scroll of enchant armour {unknown}
 r - 7 scrolls of remove curse {@r2}
 s - 2 scrolls of blinking
 u - a scroll of random uselessness {unknown}
 y - a scroll of immolation {unknown}
 z - a scroll of summoning {unknown}
 F - a scroll of silence {unknown}
Potions
 c - 3 potions of heal wounds {@q2}
 e - a potion of invisibility {unknown}
 i - 3 potions of curing {@q1}
 m - 2 potions of magic
 o - 2 potions of degeneration {!q}
 p - 2 potions of flight
 q - a potion of lignification {unknown}
 A - 2 potions of might
 B - 3 potions of haste {@q3}
 E - 2 potions of brilliance {unknown}
Comestibles
 t - 26 rations {@e1}

Dungeon Overview and Level Annotations

Branches:
Dungeon (10/15)            Temple (1/1) D:4            Lair (2/6) D:8
    Orc (2/2) D:9             Elf (0/3) Orc:2
  Swamp: Lair:2-4    Shoals: Lair:2-4     Snake: Lair:2-4    Spider: Lair:2-4

Altars:
Cheibriados
Hepliaklqana
Okawaru
Qazlal
Ru
Sif Muna
Trog
Uskayaw
Vehumet
Yredelemnul
The Shining One

Shops:
D:7 }   Orc:1 }

Annotations:
D:4 exclusion: killer bee, Ijyb
Lair:1 3 runed translucent doors, Yduziuse's ghost, novice DrTm; kylecrane's ghost, journeyman FoFi

###+####
#......##
+...@...#
#.).D...#
#...§..##
##...§..####
#.......+.>.
#........#
##..<...##
###...##
##..P#


You could see a seven-headed hydra.


Message History

Aiming: Conjure Flame (safe; 1% risk of failure)
Press: ? - help, Dir - move target cursor The fire ignites!
You block the seven-headed hydra's attack.
The seven-headed hydra bites you!
* * * LOW HITPOINT WARNING * * *
The seven-headed hydra barely misses you.
You block the seven-headed hydra's attack.
The seven-headed hydra bites you!
* * * LOW HITPOINT WARNING * * *
The seven-headed hydra bites you!!
* * * LOW HITPOINT WARNING * * *
The seven-headed hydra bites you.
* * * LOW HITPOINT WARNING * * *
Casting: Conjure Flame (safe; 1% risk of failure)
Confirm with . or Enter, or press ? or * to list all spells.
Aiming: Conjure Flame (safe; 1% risk of failure)
Press: ? - help, Dir - move target cursor The fire ignites!
The seven-headed hydra is engulfed in blazing flames.
The seven-headed hydra is engulfed in blazing flames.
The seven-headed hydra bites you!
* * * LOW HITPOINT WARNING * * *
The seven-headed hydra completely misses you.
You block the seven-headed hydra's attack.
The seven-headed hydra bites you.
* * * LOW HITPOINT WARNING * * *
The seven-headed hydra closely misses you.
The seven-headed hydra bites you.
You die...

Skill      XL: |  1  2  3  4  5  6  7  8  9 10 11 12 |
---------------+-------------------------------------+-----
Conjurations   | 2 3 4 5 7 8 |  8.0
Fire Magic     | 4 5 6 7 8 |  8.6
Spellcasting   | 3 4 5 |  5.0
Fighting       | 6 7 9 10 | 10.2
Dodging        | 6 7 8 9 |  9.0
Shields        | 6 8 |  8.9
Stealth        | |  2.6

Action                   |  1- 3 |  4- 6 |  7- 9 | 10-12 || total
-------------------------+-------+-------+-------+-------++-------
Melee: Unarmed           |     5 |       |       |       ||     5
       Constrict         |     6 |    21 |    22 |    39 ||    88
       Tentacles         |     6 |     9 |    15 |    25 ||    55
       Dagger            |    17 |    24 |       |       ||    41
       Whip              |       |    29 |    73 |   156 ||   258
 Cast: Flame Tongue      |    22 |    54 |   101 |   146 ||   323
       Throw Flame       |     8 |    15 |    53 |    53 ||   129
       Conjure Flame     |       |       |     3 |    20 ||    23
       Sticky Flame      |       |       |     6 |    49 ||    55
       Fireball          |       |       |       |     4 ||     4
  Use: Scroll            |       |     5 |     8 |     4 ||    17
       Potion            |       |       |     1 |       ||     1
 Stab: Sleeping          |     2 |     4 |     3 |     5 ||    14
       Distracted        |       |     1 |       |       ||     1
  Eat: Chunk             |     1 |     8 |    13 |    32 ||    54
       Ration            |       |       |     1 |       ||     1
Armor: Skin              |     4 |     5 |     9 |     6 ||    24
Dodge: Dodged            |    25 |    49 |    89 |   208 ||   371
Block: Shield            |       |       |       |    23 ||    23

Levels and vault maps discovered:
D:1:      nzn_arrival_depleted_hourglass, layout_basic, serial_curves,
          eino_curves_04, eino_curves_01, minmay_misc_feat_five
D:2:      layout_loops_ring, nicolae_overflow_hidden_temple, first_ration,
          roderic_roman_lattice, minmay_rat_hole, uniq_natasha, uniq_robin,
          uniq_terence
D:3:      layout_loops_ring
D:4:      layout_loops_ring, minmay_temple_entry_water_ring,
          serial_park_tiny_pond, st_stairs_11, uniq_ijyb
D:5:      layout_basic, cheibrodos_sewer_entry_drain, uniq_sigmund
D:6:      cheibrodos_helix_gallery, layout_rooms, grunt_temple_overflow_open,
          trog_ov_bears_minmay
D:7:      layout_basic, kennysheep_okawaru_gauntlet, serial_shops, shop,
          grunt_ogre_cave, grunt_ministairs_4
D:8:      layout_loops_corners, gammafunk_temple_overflow_forgotten,
          grunt_qazlal_clouds, lair_entry_dummy, uniq_psyche
D:9:      layout_gridville, orc_0_dummy, small_chamber_with_monster
D:10:     layout_irregular_city
Temple:   jpeg_temple_clearing
Lair:1:   layout_chaotic_city, gammafunk_ghost_cemetery
Lair:2:   layout_roguey, hellmonk_ghost_happy_afterlife, serial_bayou_shore_a
Orc:1:    minmay_goldmine, layout_diamond_mine, serial_shops,
          nicolae_shop_statue_plus
Orc:2:    st_orc_town, layout_caves, gammafunk_ghost_smash
Sewer:    sewer_frog_island_01

Notes
Turn   | Place    | Note
-------+----------+-------------------------------------------
     0 | D:1      | Aisha the Octopode Fire Elementalist began the quest for
                  | the Orb.
     0 | D:1      | Reached XP level 1. HP: 11/11 MP: 3/3
   420 | D:1      | Reached XP level 2. HP: 17/17 MP: 3/5
   425 | D:1      | Learned a level 2 spell: Throw Flame
   798 | D:2      | Reached XP level 3. HP: 21/21 MP: 1/6
   803 | D:2      | Learned a level 3 spell: Conjure Flame
   808 | D:2      | Reached skill level 2 in Conjurations
   866 | D:2      | Noticed Robin
   932 | D:2      | Killed Robin
   964 | D:2      | HP: 1/21 [goblin[Robin] (2)]
  1238 | D:2      | Reached XP level 4. HP: 26/27 MP: 1/7
  1245 | D:2      | Noticed Natasha
  1272 | D:2      | Killed Natasha
  1272 | D:2      | Reached skill level 4 in Fire Magic
  1604 | D:2      | Noticed Natasha
  1608 | D:2      | Killed Natasha
  1608 | D:2      | Reached XP level 5. HP: 6/31 MP: 4/8
  1834 | D:2      | Noticed Terence
  1857 | D:2      | Killed Terence
  1857 | D:2      | Reached skill level 3 in Conjurations
  3015 | D:4      | Reached skill level 3 in Spellcasting
  3015 | D:4      | Reached XP level 6. HP: 30/36 MP: 0/10
  3271 | D:4      | Found a staircase to the Ecumenical Temple.
  3285 | Temple   | Entered the Ecumenical Temple
  3305 | Temple   | Became a worshipper of Sif Muna the Loreminder
  3353 | D:4      | Reached skill level 4 in Conjurations
  3353 | D:4      | Reached skill level 5 in Fire Magic
  3522 | D:4      | Reached XP level 7. HP: 41/41 MP: 8/12
  4271 | D:4      | Noticed Ijyb
  4419 | D:5      | Entered Level 5 of the Dungeon
  4463 | D:5      | Reached * piety under Sif Muna
  4620 | D:5      | Reached skill level 5 in Conjurations
  4631 | D:5      | Reached skill level 6 in Fire Magic
  5126 | D:5      | Found a glowing drain.
  5135 | Sewer    | Entered a sewer
  5532 | Sewer    | Reached XP level 8. HP: 37/46 MP: 6/13
  5536 | Sewer    | Got a jewelled war axe
  5620 | D:5      | Reached skill level 4 in Spellcasting
  5622 | D:5      | Noticed Sigmund
  5633 | D:5      | Killed Sigmund
  5882 | D:5      | Reached skill level 6 in Conjurations
  6153 | D:5      | Reached ** piety under Sif Muna
  6153 | D:5      | Reached skill level 7 in Fire Magic
  6605 | D:5      | Learned a level 4 spell: Sticky Flame
  6611 | D:5      | Learned a level 5 spell: Fireball
  6661 | D:6      | Found a sacrificial altar of Ru.
  6821 | D:6      | Found a bloodstained altar of Trog.
  6943 | D:6      | Reached skill level 7 in Conjurations
  6943 | D:6      | Reached XP level 9. HP: 50/51 MP: 12/16
  7137 | D:6      | Found a snail-covered altar of Cheibriados.
  7154 | D:6      | Reached skill level 5 in Spellcasting
  7241 | D:6      | Reached skill level 8 in Fire Magic
  7305 | D:6      | Reached *** piety under Sif Muna
  7896 | D:6      | Reached skill level 8 in Conjurations
  8050 | D:7      | Identified the cursed +1 war axe "Oruon" {protect, *Slow
                  | +Rage rF+ Str+4} (You found it in a sewer)
  8070 | D:7      | Identified a potion of experience
  8072 | D:7      | Reached skill level 6 in Fighting
  8072 | D:7      | Reached skill level 6 in Dodging
  8072 | D:7      | Reached skill level 6 in Shields
  8072 | D:7      | Reached XP level 10. HP: 69/69 MP: 12/17
  8353 | D:7      | Found Huypixt's Gadget Emporium.
  8640 | D:7      | Reached skill level 7 in Dodging
  8739 | D:7      | Found an iron altar of Okawaru.
  9027 | D:8      | Found a stormy altar of Qazlal.
  9151 | D:8      | Found a glowing golden altar of the Shining One.
  9152 | D:8      | Found a radiant altar of Vehumet.
  9265 | D:8      | Found a basalt altar of Yredelemnul.
  9292 | D:8      | Found a staircase to the Lair.
  9434 | D:8      | Noticed Psyche
  9484 | D:8      | Reached skill level 7 in Fighting
  9669 | D:8      | Killed Psyche
  9954 | D:8      | Reached XP level 11. HP: 49/75 MP: 10/18
 10094 | D:8      | Noticed a two-headed ogre
 10109 | D:8      | Killed a two-headed ogre
 10109 | D:8      | Reached skill level 8 in Fighting
 10606 | D:9      | Noticed a two-headed ogre
 10614 | D:9      | Killed a two-headed ogre
 10925 | D:9      | Noticed a deep elf mage
 10938 | D:9      | Killed a deep elf mage
 10938 | D:9      | Reached skill level 8 in Dodging
 10938 | D:9      | Reached skill level 7 in Shields
 10945 | D:9      | Got a brightly glowing shield
 10951 | D:9      | Identified the cursed +0 shield "Ugeadyh" {rF- Str+3 Int+4}
                  | (You found it on level 9 of the Dungeon)
 11075 | D:9      | Found a staircase to the Orcish Mines.
 11285 | D:10     | Entered Level 10 of the Dungeon
 11405 | Lair:1   | Entered Level 1 of the Lair of Beasts
 11491 | Orc:1    | Entered Level 1 of the Orcish Mines
 11491 | Orc:1    | Found Fuzuteme's Gadget Boutique.
 11538 | Orc:1    | Noticed an orc sorcerer
 11549 | Orc:1    | Killed an orc sorcerer
 11871 | Orc:1    | Reached skill level 9 in Fighting
 11894 | Orc:1    | Reached **** piety under Sif Muna
 12564 | Orc:2    | Entered Level 2 of the Orcish Mines
 12899 | Orc:2    | Found a staircase to the Elven Halls.
 12930 | Orc:2    | Noticed an orc knight
 13080 | Orc:2    | Noticed an orc knight
 13081 | Orc:2    | Noticed an orc knight
 13125 | Orc:2    | Noticed a cyclops
 13127 | Orc:2    | Noticed an orc knight
 13275 | Orc:1    | HP: 8/80 [orc warrior/+0 trident (14)]
 13587 | Lair:1   | Reached skill level 8 in Shields
 14054 | Lair:1   | Found a runed translucent gate.
 14056 | Lair:1   | Found a runed translucent gate.
 14056 | Lair:1   | Found a runed translucent gate.
 14097 | Lair:1   | Noticed Yduziuse's ghost (novice DrTm)
 14099 | Lair:1   | Noticed kylecrane's ghost (journeyman FoFi)
 14207 | Lair:1   | Reached XP level 12. HP: 72/87 MP: 19/19
 14448 | Lair:1   | Reached skill level 10 in Fighting
 15397 | Lair:2   | Noticed a seven-headed hydra
 15430 | Lair:2   | Reached skill level 9 in Dodging
 15475 | Lair:2   | HP: 6/87 [seven-headed hydra (7)]
 15475 | Lair:2   | Slain by a seven-headed hydra

Vanquished Creatures
  2 two-headed ogres
  An orc sorcerer (Orc:1)
  A deep elf mage (D:9)
  Psyche (D:8)
  2 spiny frogs (Lair:1)
  3 komodo dragons (Lair:1)
  A rime drake (Lair:2)
  A troll (D:9)
  4 hippogriffs
  Sigmund (D:5)
  13 yaks
  A wyvern (D:9)
  2 basilisks
  A hungry ghost (D:8)
  4 wargs
  4 black bears
  12 orc warriors
  A sky beast (D:5)
  5 ogres
  2 ice beasts
  A phantom (D:8)
  A necrophage (D:8)
  2 centaurs
  5 bullfrogs
  A killer bee (D:4)
  5 howler monkeys
  5 wights (D:6)
  A centaur zombie (D:6)
  3 crimson imps (D:5)
  A bullfrog zombie (D:9)
  A quasit (D:7)
  2 gnoll shamans
  4 hounds
  A bullfrog skeleton (D:7)
  10 orc priests
  11 orc wizards
  Terence (D:2)
  2 iguanas
  Natasha (twice) (D:2)
  7 worker ants
  A killer bee zombie (D:5)
  A hound skeleton (D:6)
  Robin (D:2)
  8 gnolls
  13 adders
  2 shadow imps
  An adder skeleton (D:8)
  2 worms
  5 dart slugs
  6 leopard geckos
  48 orcs
  5 ball pythons
  9 giant cockroaches
  14 goblins
  7 hobgoblins
  6 jackals
  3 quokkas
  3 bats
  5 frilled lizards
  8 kobolds
  A leopard gecko skeleton (D:4)
  3 rats
  A fungus (Lair:2)
281 creatures vanquished.

Vanquished Creatures (others)
  3 fungi
  4 plants (Lair:2)
  4 withered plants (Lair:1)
11 creatures vanquished.

Grand Total: 292 creatures vanquished

Table legend:
 A = Turns spent in this place as a percentage of turns spent in the entire game.
 B = Non-inter-level travel turns spent in this place as a percentage of non-inter-level travel turns spent in the entire game.
 C = Inter-level travel turns spent in this place as a percentage of turns spent in this place.
 D = Turns resting spent in this place as a percentage of non-inter-level travel turns spent in this place.
 E = Turns spent auto-exploring this place as a percentage of non-inter-level travel turns spent in this place.
 F = Non-inter-level travel turns spent in this place divided by the number of levels of this place that you've seen.
                   A       B       C       D       E      F
               +-------+-------+-------+-------+-------+----------------------
         Total | 100.0 | 100.0 |   6.9 |  43.1 |  29.0 | 900.3
       Dungeon |  72.1 |  71.7 |   7.5 |  42.5 |  28.0 | 1032.2
        Temple |   0.3 |   0.2 |  46.3 |   0.0 |  59.1 |  22.0
          Lair |  13.2 |  14.0 |   1.6 |  43.8 |  35.5 | 1008.0
  Orcish Mines |  11.7 |  11.3 |  10.1 |  39.7 |  33.2 | 814.5
         Sewer |   2.7 |   2.9 |   0.0 |  69.7 |   4.6 | 416.0
               +-------+-------+-------+-------+-------+----------------------

Table legend:
 A = Non-vault XP
 B = Vault XP
 C = Vault XP percentage of total XP
 D = Non-vault monster count
 E = Vault monster count
 F = Vault count percentage of total count
                 A         B        C        D         E       F
            +---------+---------+-------+---------+---------+-------
      Total |   14913 |    3395 |  18.5 |     222 |      58 |  20.7
            +---------+---------+-------+---------+---------+-------
        D:1 |      13 |       0 |   0.0 |       8 |       0 |   0.0
        D:2 |     100 |     109 |  52.2 |      24 |      13 |  35.1
        D:3 |      63 |       0 |   0.0 |      15 |       0 |   0.0
        D:4 |     455 |      95 |  17.3 |      28 |       2 |   6.7
        D:5 |     677 |     225 |  24.9 |      20 |       2 |   9.1
        D:6 |     970 |     306 |  24.0 |      17 |       3 |  15.0
        D:7 |     553 |     233 |  29.6 |      18 |       4 |  18.2
        D:8 |    2989 |     434 |  12.7 |      27 |       1 |   3.6
        D:9 |    1662 |     544 |  24.7 |      16 |       1 |   5.9
       D:10 |     239 |       0 |   0.0 |       4 |       0 |   0.0
     Lair:1 |    3763 |       0 |   0.0 |      16 |       0 |   0.0
     Lair:2 |    1985 |       0 |   0.0 |       9 |       0 |   0.0
      Orc:1 |    1183 |    1029 |  46.5 |      17 |      15 |  46.9
      Orc:2 |     261 |     297 |  53.2 |       3 |       3 |  50.0
      Sewer |       0 |     123 | 100.0 |       0 |      14 | 100.0
            +---------+---------+-------+---------+---------+-------
